[Event "EYCC 2017"]
[Site "Mamaia"]
[Date "2017.09.06"]
[Round "2"]
[White "Patapovich, Mitrafan"]
[Black "Ljepic, Andrej"]
[Result "0-1"]
[ECO "C01"]
[WhiteElo "1202"]
[BlackElo "1616"]
[Annotator "NA"]
[PlyCount "68"]
[EventDate "2017.??.??"]
[EventType "swiss"]
[EventCountry "ROU"]
[SourceTitle "playchess.com"]
[Source "ChessBase"]
[SourceQuality "1"]
[TimeControl "40/5400+30:1800+30"]

1. e4 e6 2. d4 d5 3. exd5 exd5 4. c4 Nf6 5. Bg5 c6 6. c5 Bf5 7. Bd3 Bxd3 8. Qxd3 Be7 9. Nc3 Nbd7 10. Nf3 O-O 11. O-O Re8 12. Rfe1 Qc7 13. Re2 Nf8 14. Rae1 Ne6 15. Re5 Qd7 16. Qf5 Rad8 17. Ne2 g6 18. Qh3 Nxg5 19. Nxg5 Qxh3 20. Nxh3 Ng4 21. f4 Nxe5 22. fxe5 b6 23. cxb6 axb6 24. Rc1 c5 25. Nf2 cxd4 26. Nxd4 Bc5 27. Nf3 Rc8 28. Rd1 Bxf2+ 29. Kxf2 Rc2+ 30. Kf1 Rxb2 31. Rxd5 Rc8 32. Rd1 Rcc2 33. a4 Rxg2 34. Ne1 Rbf2# 0-1

[Event "EYCC 2017"]
[Site "Mamaia"]
[Date "2017.09.06"]
[Round "2"]
[White "Darie, Cleopatra-Iuliana"]
[Black "Shukhman, Anna"]
[Result "1-0"]
[ECO "B40"]
[WhiteElo "1120"]
[BlackElo "1583"]
[Annotator "NA"]
[PlyCount "73"]
[EventDate "2017.??.??"]
[EventType "swiss"]
[EventCountry "ROU"]
[SourceTitle "playchess.com"]
[Source "ChessBase"]
[SourceQuality "1"]
[TimeControl "40/5400+30:1800+30"]

1. e4 c5 2. Nf3 e6 3. c3 Nc6 4. d4 d5 5. Bd3 cxd4 6. cxd4 Bb4+ 7. Bd2 Bxd2+ 8. Qxd2 Nf6 9. Nc3 dxe4 10. Bxe4 Nxe4 11. Nxe4 O-O 12. O-O f5 13. Nc5 b6 14. Nb3 Ba6 15. Rfe1 Bc4 16. Rad1 h6 17. Rc1 Bd5 18. Rc3 Rc8 19. Rce3 Qd6 20. Ne5 Nb4 21. Rg3 Kh7 22. Qf4 Rf6 23. Nd2 g5 24. Ndc4 Rxc4 25. Qd2 Rc2 26. Qd1 f4 27. Rh3 Qe7 28. a3 Rxb2 29. axb4 Qxb4 30. Qd3+ Kg8 31. Rc1 Qd2 32. Rc8+ Kg7 33. Rc7+ Kf8 34. Qa3+ Qb4 35. Rc8+ Ke7 36. Qxa7+ Kd6 37. Qd7# 1-0

[Event "EYCC 2017"]
[Site "Mamaia"]
[Date "2017.09.06"]
[Round "2"]
[White "Novomeska, Karin"]
[Black "Svergina, Sofya"]
[Result "0-1"]
[ECO "E00"]
[WhiteElo "1116"]
[BlackElo "1472"]
[Annotator "NA"]
[PlyCount "118"]
[EventDate "2017.??.??"]
[EventType "swiss"]
[EventCountry "ROU"]
[SourceTitle "playchess.com"]
[Source "ChessBase"]
[SourceQuality "1"]
[TimeControl "40/5400+30:1800+30"]

1. d4 Nf6 2. c4 e6 3. Bg5 b6 4. Nc3 Bb4 5. a3 Bxc3+ 6. bxc3 h6 7. Bh4 Bb7 8. e3 d6 9. Nf3 Nbd7 10. Be2 O-O 11. O-O c5 12. Re1 Qc7 13. Bd3 Ne4 14. Rc1 Rac8 15. Qc2 d5 16. cxd5 exd5 17. Re2 Rfe8 18. c4 dxc4 19. Bxc4 Nd6 20. Bg3 Bxf3 21. gxf3 Nf6 22. e4 Nh5 23. Be5 Qe7 24. Qd2 cxd4 25. Qxd4 Qxe5 26. Qxe5 Rxe5 27. Rec2 Nxc4 28. Rxc4 Rxc4 29. Rxc4 Rc5 30. Ra4 Nf4 31. h4 Ra5 32. Rxa5 bxa5 33. Kf1 Kf8 34. Ke1 Ke7 35. Kd2 Kd6 36. Kc3 Kc5 37. a4 f6 38. Kd2 g5 39. hxg5 fxg5 40. Ke1 h5 41. Kf1 g4 42. fxg4 hxg4 43. Kg1 Kd4 44. Kh2 Kxe4 45. Kg3 Kf5 46. Kh2 Ne2 47. Kg2 Kf4 48. Kh2 Kf3 49. Kh1 Kxf2 50. Kh2 g3+ 51. Kh3 g2 52. Kg4 g1=Q+ 53. Kf5 Kf3 54. Ke5 Qg4 55. Kd5 Ke3 56. Kc5 Kd3 57. Kb5 Kc3 58. Kxa5 Qb4+ 59. Ka6 Qb6# 0-1

[Event "EYCC 2017"]
[Site "Mamaia"]
[Date "2017.09.06"]
[Round "2"]
[White "Labaznikova, Kseniya"]
[Black "Zavivaeva, Evelina"]
[Result "1/2-1/2"]
[ECO "C23"]
[WhiteElo "1104"]
[BlackElo "1406"]
[Annotator "NA"]
[PlyCount "122"]
[EventDate "2017.??.??"]
[EventType "swiss"]
[EventCountry "ROU"]
[SourceTitle "playchess.com"]
[Source "ChessBase"]
[SourceQuality "1"]
[TimeControl "40/5400+30:1800+30"]

1. e4 e5 2. Nf3 Nc6 3. Bc4 Bc5 4. c3 d6 5. d4 exd4 6. cxd4 Bb6 7. h3 Nf6 8. Bg5 Qe7 9. O-O O-O 10. Re1 Rd8 11. Nc3 Qf8 12. Nd5 Be6 13. Nxf6+ gxf6 14. d5 Qg7 15. dxe6 fxg5 16. exf7+ Kh8 17. b3 Na5 18. Bd3 Qxf7 19. Qc2 Qg7 20. Rad1 Nc6 21. Re2 Rf8 22. Rde1 g4 23. hxg4 Qxg4 24. Qb2+ Qg7 25. Qxg7+ Kxg7 26. Rf1 Rad8 27. Ng5 Rde8 28. Bc4 Rf6 29. Nf3 Rf4 30. Ng5 Kg6 31. g3 Rf6 32. Nh3 Nd4 33. Rb2 Kg7 34. Nf4 Re5 35. Kg2 c6 36. Bd3 Ne6 37. Nxe6+ Rexe6 38. Re2 Bd4 39. Rd1 Re5 40. f3 a5 41. Ba6 bxa6 42. Rxd4 Rg6 43. Red2 Rc5 44. Rxd6 Rxd6 45. Rxd6 Rc2+ 46. Kh3 Rxa2 47. Rxc6 a4 48. bxa4 Rxa4 49. e5 a5 50. Ra6 Ra1 51. f4 a4 52. f5 a3 53. f6+ Kg6 54. g4 a2 55. Kg2 Re1 56. Rxa2 Rxe5 57. Ra6 h5 58. gxh5+ Rxh5 59. Kg3 Rf5 60. Kg4 Rxf6 61. Rxf6+ Kxf6 1/2-1/2